 Dungeon Crawl Stone Soup version 0.21.1-1-g345015f (webtiles) character file.

144 Kagorn the Skirmisher (level 5, -3/53 HPs)
             Began as a Troll Fighter on July 16, 2018.
             Was an Initiate of Makhleb.
             Splashed by Ijyb's acid (11 damage)
             ... on level 3 of the Dungeon.
             The game lasted 00:08:07 (1371 turns).

Kagorn the Skirmisher (Troll Fighter)               Turns: 1371, Time: 00:08:09

Health: -3/53      AC:  1    Str: 25    XL:     5   Next: 5%
Magic:  4/4        EV:  8    Int:  4    God:    Makhleb [......]
Gold:   108        SH:  9    Dex:  9    Spells: 4/4 levels left

rFire    x . .     SeeInvis .   h - +2 dagger (venom)
rCold    + . .     Gourm    +   c - +0 shield
rNeg     . . .     Faith    .   b - +0 robe
rPois    .         Spirit   .   (helmet restricted)
rElec    .         Reflect  .   (no cloak)
rCorr    .         Harm     .   (gloves unavailable)
MR       .....                  (boots unavailable)
Stlth    +.........             (no amulet)
HPRegen  0.57/turn              l - ring of ice
MPRegen  0.09/turn              (no ring)

@: lethally poisoned (-3 -> -4), corroded
A: large, unfitting armour, claws 3, fast metabolism 3, gourmand, regeneration
1, shaggy fur 1, tough skin 2
a: Renounce Religion


You were on level 3 of the Dungeon.
You worshipped Makhleb.
Makhleb was noncommittal.
You were very full.

You visited 1 branch of the dungeon, and saw 3 of its levels.

You collected 108 gold pieces.

Inventory:

Hand Weapons
 a - a +0 long sword
 g - a +0 dagger of venom
 h - a +2 dagger of venom (weapon)
 m - a +0 halberd
 n - a +1 dagger of venom
Armour
 b - a +0 robe (worn)
 c - a +0 shield (worn)
Jewellery
 l - a ring of ice (left claw)
 q - an uncursed ring of resist corrosion {unknown}
Scrolls
 e - 5 scrolls of identify {unknown}
 o - a scroll of immolation {unknown}
 p - a scroll of teleportation {unknown}
Potions
 d - a potion of might
 i - 2 potions of resistance {unknown}
 j - a potion of degeneration {unknown}
 k - 2 potions of lignification {unknown}
Comestibles
 f - 6 rations
 r - a chunk of flesh


   Skills:
 * Level 3.3 Fighting
 * Level 1.4(2.0) Short Blades
 - Level 2.0(2.2) Long Blades
 + Level 1.2 Armour
 + Level 2.7 Dodging
 + Level 2.9 Shields


You had 4 spell levels left.
You didn't know any spells.

Dungeon Overview and Level Annotations

Branches:
Dungeon (3/15)

Altars:
Dithmenos
Elyvilon
Hepliaklqana
Kikubaaqudgha
Makhleb
Qazlal
Sif Muna

Annotations:
D:3 Ijyb


Innate Abilities, Weirdness & Mutations

You are too large for most types of armour.
You have claws for hands.
Your metabolism is lightning-fast.
You like to eat raw meat.
Your natural rate of healing is unusually fast.
You are covered in fur. (AC +1)
You have very tough skin. (AC +2)


Message History

Ijyb the Twisted Goblin comes into view.
She is wielding a club.
You feel sick.
Ijyb shouts!
A hobgoblin comes into view. It is wielding a club.
The hobgoblin shouts!
Found a stone staircase leading down.
You barely miss the hobgoblin.
You feel sick.
The hobgoblin hits you but does no damage.
You hit the hobgoblin.
The hobgoblin is poisoned.
The hobgoblin is severely wounded.
Ijyb screams, "You nasty!
Big nasty!"
Ijyb zaps a wand.
The bolt of acid hits the hobgoblin.
The hobgoblin is splashed with acid.
The hobgoblin dies!
The bolt of acid hits you! The acid corrodes you!
You are splashed with acid!
The acid burns!
It is a wand of acid (13).
Ijyb zaps a wand.
The bolt of acid hits you!
* * * LOW HITPOINT WARNING * * *
The acid corrodes you!
You are splashed with acid!
The acid burns!
You die...

## . #.
.##.#.######
..........<#...
#####.#...........
# #.####.##### #@#
... #.# ##.#
#...).# .#
#........ #
#.#.#.g..#
..........>
.#.#.###.... #.#
#.# ...# # #.# ..#


You could see Ijyb.

Vanquished Creatures
  Jessica (D:2)
  4 adders
  3 gnolls (D:2)
  An ooze (D:1)
  A dart slug (D:1)
  An orc (D:3)
  3 giant cockroaches (D:2)
  5 goblins (D:1)
  9 hobgoblins
  A ball python (D:3)
  5 bats
  A frilled lizard (D:1)
  7 kobolds
  4 rats
46 creatures vanquished.

Vanquished Creatures (others)
  A hobgoblin (D:3)
  A frilled lizard (D:2)
2 creatures vanquished.

Grand Total: 48 creatures vanquished

Notes
Turn   | Place    | Note
-------+----------+-------------------------------------------
     0 | D:1      | Kagorn the Troll Fighter began the quest for the Orb.
     0 | D:1      | Reached XP level 1. HP: 22/22 MP: 0/0
   134 | D:1      | Reached XP level 2. HP: 28/29 MP: 1/1
   357 | D:1      | Reached XP level 3. HP: 34/36 MP: 2/2
   726 | D:2      | Reached skill level 3 in Fighting
   726 | D:2      | Reached skill level 1 in Armour
   734 | D:2      | Reached XP level 4. HP: 25/45 MP: 3/3
   793 | D:2      | Reached skill level 1 in Short Blades
   794 | D:2      | Noticed Jessica
   801 | D:2      | Killed Jessica
   945 | D:2      | Found a white marble altar of Elyvilon.
   951 | D:2      | Found a burning altar of Makhleb.
   960 | D:2      | Found an ancient bone altar of Kikubaaqudgha.
   969 | D:2      | Found a stormy altar of Qazlal.
   974 | D:2      | Found a shadowy altar of Dithmenos.
   978 | D:2      | Found a deep blue altar of Sif Muna.
   985 | D:2      | Found a hazy altar of Hepliaklqana.
  1002 | D:2      | Became a worshipper of Makhleb the Destroyer
  1093 | D:2      | Found a white marble altar of Elyvilon.
  1264 | D:3      | HP: 2/45 [adder (3)]
  1361 | D:3      | Reached XP level 5. HP: 48/53 MP: 4/4
  1367 | D:3      | Noticed Ijyb
  1371 | D:3      | Splashed by Ijyb's acid

Skill      XL: |  1  2  3  4 |
---------------+-------------+-----
Long Blades    | 2 |  2.0
Fighting       | 3 |  3.3
Armour         | 1 |  1.2
Short Blades   | 1 |  1.4
Dodging        | |  2.7
Shields        | |  2.9

Action                   |  1- 3 |  4- 6 || total
-------------------------+-------+-------++-------
Melee: Long sword        |    50 |       ||    50
       Dagger            |    50 |    51 ||   101
  Eat: Chunk             |    11 |     6 ||    17
Armor: Robe              |    30 |    20 ||    50
Dodge: Dodged            |    28 |     5 ||    33
Block: Shield            |    46 |    15 ||    61
